 Dungeon Crawl Stone Soup version 0.31.0-9-g3a7656b989 (webtiles) character file.

Game seed: 3786446490285235850

428 Sableheart the Conjurer (level 6, -3/47 HPs)
             Began as a Draconian Conjurer on Jan 26, 2024.
             Slain by a gnoll
             ... wielding a +2 hand axe
              (4 damage)
             ... on level 3 of the Dungeon on Jan 27, 2024.
             The game lasted 00:27:32 (3491 turns).

Sableheart the Conjurer (Draconian Conjurer)        Turns: 3491, Time: 00:27:33

Health: -3/47      AC:  6    Str:  9    XL:     6   Next: 65%
Magic:  1/11       EV: 12    Int: 21    God:
Gold:   119        SH:  0    Dex:  9    Spells: 5/12 levels left

rFire   . . .        e - +0 spear
rCold   . . .        (no shield)
rNeg    . . .        (body armour unavailable)
rPois   +            (helmet restricted)
rElec   .            (no cloak)
rCorr   .            (no gloves)
SInv    .            (no boots)
Will    .....        (no amulet)
Stlth   ++           m - ring of poison resistance
HPRegen 0.27/turn    (no ring)
MPRegen 0.12/turn

%: no passive effects
@: no status effects
A: AC +6, unfitting armour, cold-blooded
a: no special abilities


You were on level 3 of the Dungeon.
You visited 1 branch of the dungeon, and saw 3 of its levels.

You collected 119 gold pieces.

Inventory:

Hand Weapons
 e - a +0 spear (weapon)
Missiles
 i - 15 stones
Magical Staves
 l - a staff of air
Jewellery
 m - a ring of poison resistance (left hand)
Scrolls
 b - 3 scrolls of identify {unknown}
 d - a scroll of summoning {unknown}
 f - 2 scrolls of enchant armour
 g - a scroll of revelation {unknown}
 j - a scroll of enchant weapon {unknown}
 k - 2 scrolls of immolation {unknown}
 q - a scroll of teleportation {unknown}
Potions
 a - a potion of magic
 c - a potion of brilliance {unknown}
 h - a potion of cancellation {unknown}
 n - 2 potions of ambrosia {unknown}
 o - a potion of mutation {unknown}
 p - a potion of degeneration {unknown}


   Skills:
 + Level 1.5 Fighting
 + Level 2.2 Dodging
 + Level 2.4 Stealth
 * Level 3.7 Spellcasting
 * Level 6.0 Conjurations
 * Level 2.3 Translocations


You had 5 spell levels left.
You knew the following spells:

 Your Spells              Type           Power      Damage    Failure   Level
a - Magic Dart            Conj           100%       1d8       1%          1
b - Searing Ray           Conj           58%        2d6       1%          2
c - Iskenderun's Mystic   Conj/Tloc      21%        2d6       22%         4

Your spell library contained the following spells:

 Spells                   Type           Power      Damage    Failure   Level
 Momentum Strike          Conj/Tloc      42%        3d9       3%          2
 Blink                    Tloc           26%        N/A       8%          2
 Lesser Beckoning         Tloc           26%        N/A       8%          2
 Fulminant Prism          Conj/Alch      8%         3d7       34%         4


Dungeon Overview and Level Annotations

Branches:
Dungeon (3/15)

Altars:
Nemelex Xobeh


Innate Abilities, Weirdness & Mutations

Your plain brown scales are hard. (AC +6)
You cannot fit into any form of body armour.
You are cold-blooded and may be slowed by cold attacks.


Message History

Confirm with . or Enter, or press ? or * to list all spells.
Aiming: Magic Dart (safe; 1% risk of failure)
Press: ? - help, Shift-Dir - straight line, f - gnoll
Aim: a gnoll, wielding a +2 hand axe and wearing a +0 animal skin (100% to hit)
The magic dart hits the gnoll.
The gnoll is heavily wounded.
Reach: e) +0 spear
Press: ? - help, Dir - move target, f/p - gnoll
Aim: a gnoll, wielding a +2 hand axe and wearing a +0 animal skin (heavily wounded, about 40% to evade your +0 spear)
You reach to attack!
You closely miss the gnoll.
The gnoll is heavily wounded.
The gnoll hits you with a +2 hand axe.
Casting: Magic Dart (safe; 1% risk of failure)
Confirm with . or Enter, or press ? or * to list all spells.
Aiming: Magic Dart (safe; 1% risk of failure)
Press: ? - help, Shift-Dir - straight line, f/p - gnoll
Aim: a gnoll, wielding a +2 hand axe and wearing a +0 animal skin (heavily wounded, 100% to hit)
The magic dart hits the gnoll.
The gnoll is almost dead.
The gnoll hits you but does no damage.
You hit the gnoll but do no damage.
The gnoll is almost dead.
The gnoll hits you with a +2 hand axe.
* * * LOW HITPOINT WARNING * * *
Unknown command.
You closely miss the gnoll.
The gnoll is almost dead.
The gnoll barely misses you.
You hit the gnoll.
The gnoll is almost dead.
The gnoll hits you with a +2 hand axe.
* * * LOW HITPOINT WARNING * * *
You barely miss the gnoll.
The gnoll is almost dead.
The gnoll hits you with a +2 hand axe!
* * * LOW HITPOINT WARNING * * *
You hit the gnoll but do no damage.
The gnoll is almost dead.
The gnoll hits you with a +2 hand axe.
You die...

##...# #....# #....#
#)# ########## #g#
.........# #.#
.###.....# #.#
+###.###.#########.#
..##.##...#.....@g.#
♣.##.##/♣...########
...#.#...†###
...###...##
....#....#
#.......## #.<.♣.>.#
#.......# ....#....#


You could see a gnoll.

Vanquished Creatures
  Grinder (D:3)
  An ogre (D:3)
  8 adders
  A ribbon worm (D:2)
  5 dart slugs
  An orc (D:3)
  6 bats
  10 endoplasms
  7 giant cockroaches (D:1)
  5 goblins
  4 jackals (D:2)
  A quokka (D:2)
  3 ball pythons
  3 frilled lizards
  4 kobolds (D:1)
  3 rats (D:1)
63 creatures vanquished.

Notes
Turn   | Place    | Note
-------+----------+-------------------------------------------
     0 | D:1      | Sableheart the Draconian Conjurer began the quest for the
                  | Orb.
     0 | D:1      | Reached XP level 1. HP: 14/14 MP: 3/3
   277 | D:1      | Reached XP level 2. HP: 20/20 MP: 1/5
   435 | D:1      | Learned a level 2 spell: Searing Ray
   914 | D:1      | Reached XP level 3. HP: 26/26 MP: 2/6
  1831 | D:2      | Reached skill level 5 in Conjurations
  2104 | D:2      | Reached XP level 4. HP: 33/33 MP: 4/8
  2252 | D:2      | Learned a level 4 spell: Iskenderun's Mystic Blast
  3212 | D:3      | Found a sparkling altar of Nemelex Xobeh.
  3253 | D:3      | Noticed an ogre
  3257 | D:3      | Killed an ogre
  3258 | D:3      | Reached skill level 1 in Translocations
  3258 | D:3      | Reached XP level 5. HP: 39/39 MP: 3/9
  3318 | D:3      | Identified the +4 dagger of Qemn {pain, rPois Will+}
  3458 | D:3      | Noticed Grinder
  3467 | D:3      | Reached skill level 1 in Fighting
  3470 | D:3      | Paralysed by Grinder for 2 turns
  3473 | D:3      | Killed Grinder
  3474 | D:3      | Reached skill level 6 in Conjurations
  3474 | D:3      | Reached XP level 6. HP: 18/47 MP: 0/11
  3490 | D:3      | HP: 1/47 [gnoll/+2 hand axe (9)]
  3491 | D:3      | Slain by a gnoll

Illustrated notes

Levels and vault maps discovered:
D:1:      saegor_arrival_under_anarchy, layout_loops_corners, minivault_5,
          kennysheep_pointless_box, minmay_worlds_worst_comb
D:2:      layout_basic, st_stairs_8, minivault_27, minmay_misc_feat_rugged,
          nicolae_half_adder
D:3:      layout_basic, nzn_overflow_gifts_of_might_and_magic,
          mainiacjoe_overflow_paths, gammafunk_ghost_gnarly_gnolls,
          grunt_ministairs_13, uniq_grinder

Skill      XL: |  1  2  3  4  5 |
---------------+----------------+-----
Conjurations   | 5 6 |  6.0
Spellcasting   | 3 |  3.7
Stealth        | 2 |  2.4
Translocations | 1 2 |  2.3
Fighting       | 1 |  1.5
Dodging        | 2 |  2.2

Action                     |  1- 3 |  4- 6 || total
---------------------------+-------+-------++-------
  Melee: Unarmed           |    10 |       ||    10
         Tailslap          |     1 |     2 ||     3
         Punch             |     1 |       ||     1
         Dagger            |     6 |       ||     6
         Spear             |       |    14 ||    14
   Cast: Magic Dart        |    79 |    22 ||   101
         Searing Ray       |     3 |    14 ||    17
    Use: Scroll            |     1 |       ||     1
 Armour: Skin              |    19 |    11 ||    30
  Dodge: Dodged            |    19 |    10 ||    29
